Map: Golden Wall LE

Players

JonSnow

  • Race: Zerg Zerg
  • League: Master
  • Spawn Location: 5:00

Astrea - Winner!

  • Race: Protoss Protoss
  • Spawn Location: 7:00

Event: DreamHack SC2 Masters 2020 Summer North America

VOD

Have the link to the VOD?

Description

Time

  • Played on: June 30, 2020, 6:22 p.m.
  • Length: 19:28

All games in this series

Show
View Real Time Build Order
Export as new Build Order

JonSnow Zerg 

Build Orders: Hatch First 

Get SALT Encoding   

  12  0:00  Drone  
  13  0:12  Overlord  
  13  0:18  Drone  
  14  0:31  Drone x2  
  16  0:49  Drone  
  17  0:56  Hatchery  
  17  0:57  Drone  
  17  1:04  Drone  
  18  1:10  Extractor  
  17  1:16  Spawning Pool  
  16  1:22  Drone  
  16  1:24  Drone  
  18  1:30  Drone  
  20  1:40  Drone  
  20  1:51  Drone  
  21  2:06  Overlord  
  21  2:07  Queen  
  21  2:08  Queen  
  25  2:14  Zergling x2  
  26  2:18  Drone  
  27  2:23  Zergling x2  
  27  2:25  Drone  
  27  2:26  Metabolic Boost  
  29  2:33  Drone x2  
  31  2:47  Hatchery  
  31  2:51  Queen  
  30  2:56  Overlord  
  31  3:03  Drone  
  32  3:12  Overlord  
  32  3:17  Drone  
  32  3:19  Drone x2  
  36  3:20  Drone x3  
  36  3:24  Zergling x4  
  36  3:27  Queen  
  40  3:31  Drone  
  40  3:34  Overlord  
  43  3:42  Drone  
  43  3:44  Drone  
  45  3:52  Drone x3  
  48  3:56  Overlord  
  48  3:58  Roach Warren  
  48  3:59  Overlord  
  48  4:00  Drone x4  
  50  4:05  Queen  
  50  4:07  Zergling x2  
  50  4:09  Zergling x2  
  54  4:10  Drone  
  55  4:17  Zergling x2  
  55  4:18  Extractor  
  55  4:22  Drone x3  
  58  4:24  Extractor  
  58  4:29  Drone x3  
  60  4:33  Overlord  
  60  4:36  Lair  
  60  4:41  Zergling x4  
  62  4:46  Drone  
  62  4:47  Drone x3  
  66  4:54  Overlord  
  66  4:56  Extractor  
  66  4:57  Roach x2  
  69  5:02  Roach  
  69  5:03  Roach x5  
  69  5:06  Overlord  
  81  5:09  Evolution Chamber  
  81  5:10  Zergling x4  
  81  5:12  Overlord  
  82  5:14  Overlord  
  82  5:17  Zergling x6  
  82  5:18  Extractor  
  83  5:23  Ravager  
  83  5:24  Ravager  
  83  5:28  Roach x3  
  91  5:32  Zergling x2  
  92  5:37  Zerg Missile Weapons Level 1  
  92  5:41  Zergling x14  
  99  5:49  Drone, Ravager  
  99  5:50  Drone x2  
  99  5:53  Drone x2  
  99  5:56  Glial Reconstitution  
  101  5:58  Overlord  
  102  6:04  Zergling x8  
  102  6:08  Roach x3  
  111  6:15  Drone x3  
  112  6:20  Roach x2  
  115  6:25  Drone  
  115  6:26  Drone  
  115  6:28  Overseer  
  115  6:30  Drone  
  115  6:31  Overseer  
  117  6:36  Drone x2  
  117  6:37  Drone  
  117  6:39  Ravager x2  
  122  6:48  Overlord x5  
  122  6:51  Overlord  
  122  6:54  Overlord  
  121  7:03  Overlord  
  121  7:07  Roach x5  
  130  7:09  Ravager x4  
  130  7:10  Ravager  
  135  7:18  Roach x2  
  135  7:19  Roach x3  
  144  7:23  Ravager  
  144  7:24  Ravager  
  144  7:25  Roach x2  
  144  7:29  Zergling x2  
  151  7:30  Zergling x4  
  151  7:34  Zergling x2  
  151  7:35  Zergling x2  
  153  7:38  Overlord  
  153  7:40  Roach x2  
  153  7:41  Roach  
  153  7:43  Roach x2  
  163  7:49  Roach x3  
  169  7:54  Roach x2  
  170  8:01  Roach x2  
  170  8:05  Roach  
  153  8:08  Roach  
  153  8:09  Roach x3  
  153  8:12  Baneling Nest  
  140  8:19  Roach x4  
  134  8:26  Roach x4  
  137  8:29  Roach, Zergling x2  
  121  8:36  Roach x3  
  121  8:39  Roach  
  113  8:41  Zergling x4  
  113  8:46  Roach  
  103  8:55  Zergling x4  
  105  9:00  Zergling x6  
  108  9:03  Centrifical Hooks  
  108  9:05  Hatchery, Ravager  
  108  9:06  Ravager  
  108  9:09  Zergling x4  
  111  9:15  Zergling x6  
  113  9:17  Zergling x2  
  113  9:21  Drone x3  
  113  9:28  Overlord  
  110  9:33  Zerg Melee Weapons Level 1  
  110  9:38  Roach  
  109  9:41  Ravager x3  
  110  9:46  Drone x10  
  114  10:04  Drone  
  113  10:09  Zergling x10  
  113  10:11  Queen  
  113  10:13  Zergling x6  
  123  10:14  Baneling x2  
  123  10:15  Overseer, Ravager  
  123  10:19  Ravager  
  125  10:22  Zergling x2  
  125  10:23  Zergling x6  
  125  10:28  Drone x2  
  124  10:30  Drone  
  124  10:31  Ravager  
  124  10:32  Ravager x2  
  124  10:33  Baneling x16  
  128  10:38  Zergling x10  
  128  10:39  Baneling  
  128  10:41  Zergling x8  
  136  10:51  Roach x3  
  136  10:59  Zergling x8  
  140  11:08  Pneumatized Carapace  
  140  11:12  Queen  
  140  11:15  Roach x5  
  151  11:23  Ravager x2  
  151  11:24  Baneling x2, Overlord  
  153  11:31  Drone  
  153  11:32  Zerg Melee Weapons Level 2  
  153  11:38  Zergling x8  
  153  11:39  Zergling x12  
  163  11:41  Ravager x4  
  163  11:45  Hatchery  
  163  11:46  Zergling x18  
  175  11:53  Zergling x6  
  176  12:04  Drone x4  
  176  12:05  Drone  
  176  12:06  Drone x3, Extractor  
  176  12:07  Extractor  
  180  12:21  Roach x4  
  181  12:33  Zergling x18  
  190  12:43  Baneling  
  190  12:44  Baneling  
  196  12:51  Roach x4  
  196  12:53  Ravager x2  
  198  13:04  Zergling x4  
  193  13:13  Baneling x2  
  193  13:19  Spore Crawler  
  190  13:21  Spine Crawler  
  190  13:24  Spine Crawler  
  190  13:25  Baneling  
  190  13:26  Baneling x3, Zergling x6  
  188  13:33  Ravager  
  188  13:34  Ravager x10  
  198  13:35  Baneling x2  
  197  13:41  Zergling x8  
  200  13:54  Zergling x18  
  196  14:00  Zergling x8  
  196  14:08  Zergling x16  
  192  14:10  Baneling x23  
  183  14:17  Zergling x24  
  175  14:33  Zergling x22  
  175  14:38  Roach  
  147  14:41  Roach  
  147  14:43  Roach x2  
  147  14:44  Baneling x6, Queen  
  143  14:47  Baneling x3  
  143  14:49  Roach x2  
  147  14:54  Baneling x3  
  147  14:56  Roach x3  
  147  14:57  Zerg Missile Weapons Level 2  
  147  14:59  Overseer  
  153  15:04  Zergling x6  
  155  15:12  Roach x5  
  165  15:17  Roach x2  
  169  15:22  Baneling x8  
  169  15:31  Roach x3  
  169  15:32  Baneling x3  
  164  15:43  Zergling x14  
  164  15:47  Zergling x4  
  141  15:55  Drone x2  
  141  15:56  Drone x3  
  146  16:00  Roach x2  
  146  16:02  Ravager x3  
  146  16:03  Ravager  
  154  16:08  Zergling x6  
  157  16:11  Baneling  
  157  16:12  Baneling x2  
  157  16:16  Baneling x4  
  157  16:19  Roach  
  154  16:29  Zergling x12  
  154  16:37  Zergling x8  
  156  16:41  Zergling x8  
  159  16:59  Zergling x2  
  159  17:00  Zergling x12  
  159  17:05  Zergling x12  
  155  17:17  Zergling x10  
  155  17:22  Zergling x4  
  113  17:27  Roach x2  
  113  17:28  Roach x2  
  121  17:33  Roach x2  
  121  17:34  Roach  
  121  17:41  Overseer, Hatchery  
  120  17:44  Ravager x3  
  120  17:45  Ravager x2  
  120  17:46  Ravager x2  
  120  17:51  Ravager x5  
  132  17:59  Zergling x6  
  132  18:00  Zergling x2  
  132  18:04  Baneling x4  
  134  18:06  Ravager x2  
  134  18:12  Baneling x4  
  136  18:16  Zergling x6  
  139  18:22  Zergling x6  
  139  18:24  Baneling x2  
  139  18:33  Zergling x8  
  128  18:38  Zergling x6  
  115  18:51  Zergling x12  
  115  18:55  Baneling x5  
  121  19:02  Baneling x6  
Show
View Real Time Build Order
Export as new Build Order

Astrea Protoss - Winner!

Build Orders: 1 Gate Expand, Chargelot Immortal 

Get SALT Encoding   

  12  0:00  Probe  
  13  0:12  Pylon  
  13  0:14  Probe  
  14  0:22  Probe  
  15  0:32  Probe  
  16  0:42  Gateway  
  16  0:44  Probe  
  16  0:49  Assimilator  
  17  0:56  Probe  
  18  1:08  Probe  
  19  1:20  Probe  
  20  1:28  Nexus  
  20  1:36  Cybernetics Core  
  20  1:39  Probe  
  21  1:46  Assimilator  
  21  1:51  Probe  
  22  1:55  Pylon  
  22  2:03  Adept, Probe  
  23  2:11  Probe  
  25  2:20  Probe, Robotics Facility  
  26  2:25  Warp Gate  
  26  2:29  Stalker  
  27  2:30  Probe  
  28  2:41  Probe  
  28  2:44  Probe  
  32  2:53  Probe  
  32  2:56  Probe  
  34  3:01  Warp Prism  
  34  3:03  Sentry  
  36  3:05  Probe  
  36  3:08  Probe  
  40  3:18  Probe  
  40  3:19  Pylon  
  41  3:23  Probe  
  42  3:29  Adept  
  42  3:30  Probe  
  42  3:33  Immortal  
  45  3:36  Probe  
  46  3:42  Probe  
  51  3:49  Probe  
  51  3:51  Pylon  
  51  3:54  Probe  
  53  4:01  Probe  
  54  4:02  Immortal  
  54  4:09  Probe, Assimilator, Pylon  
  55  4:13  Sentry  
  55  4:14  Probe  
  55  4:16  Assimilator  
  62  4:22  Pylon  
  62  4:27  Probe x2  
  64  4:36  Immortal  
  64  4:39  Probe x2  
  64  4:40  Pylon  
  66  4:51  Probe x2  
  72  4:53  Sentry  
  72  4:56  Forge  
  72  4:58  Twilight Council  
  74  5:01  Gateway  
  74  5:11  Observer  
  74  5:15  Protoss Ground Weapons Level 1  
  75  5:24  Charge  
  75  5:25  Gateway  
  75  5:28  Gateway  
  75  5:29  Gateway x2  
  75  5:31  Pylon  
  75  5:54  Immortal  
  79  6:03  Zealot x2  
  83  6:06  Pylon  
  83  6:07  Pylon  
  83  6:22  Templar Archives  
  83  6:24  Gateway  
  83  6:26  Gateway  
  83  6:29  Pylon  
  83  6:30  Pylon  
  83  6:35  Templar Archives  
  83  6:37  Immortal  
  87  6:49  Zealot x5  
  87  6:50  Zealot  
  99  7:02  Psionic Storm  
  99  7:05  Probe x2  
  101  7:09  Nexus  
  101  7:11  Pylon  
  101  7:13  High Templar  
  101  7:14  High Templar x2  
  107  7:19  High Templar  
  107  7:20  Probe x2  
  111  7:32  Probe  
  111  7:33  Probe  
  113  7:37  High Templar  
  113  7:43  Zealot x3  
  121  7:44  Probe  
  121  7:45  Shield Battery, Probe  
  121  7:48  Pylon  
  123  7:53  Zealot x4  
  116  8:11  Zealot x4  
  112  8:24  Warp Prism, Zealot x4  
  110  8:33  Zealot x4  
  110  8:34  Protoss Ground Weapons Level 2  
  100  8:40  Shield Battery x2  
  84  8:45  High Templar x4  
  84  8:46  Probe x2  
  88  8:54  Assimilator  
  88  8:57  High Templar  
  90  9:08  Immortal  
  94  9:17  Zealot x4  
  94  9:18  Zealot  
  98  9:28  Probe x2  
  96  9:32  Zealot x3  
  101  9:47  High Templar, Zealot x4  
  110  9:55  Immortal, Zealot x3  
  115  10:03  Probe  
  120  10:10  High Templar x4  
  128  10:16  Pylon  
  128  10:30  Observer  
  128  10:32  Zealot x4  
  136  10:40  Archon  
  136  10:51  Probe x3  
  134  10:59  Immortal  
  134  11:00  High Templar x4  
  134  11:01  Zealot x4  
  150  11:05  Archon x2  
  150  11:07  Pylon x3  
  150  11:22  Photon Cannon, Protoss Ground Weapons Level 3  
  150  11:23  Blink  
  150  11:31  Nexus  
  150  11:37  Pylon  
  150  11:44  Immortal  
  154  11:59  Probe x3  
  155  12:16  Zealot x7  
  155  12:17  Zealot  
  171  12:23  Probe  
  171  12:27  Probe x2  
  162  12:35  Probe  
  152  12:39  Probe x2  
  152  12:40  High Templar x4  
  162  12:45  Archon x2  
  162  12:48  Probe x2  
  162  12:51  Photon Cannon, Probe x2  
  164  12:52  Shield Battery  
  164  12:54  High Templar x2  
  164  12:55  Zealot x2  
  174  12:58  Archon  
  160  13:21  Zealot x4  
  160  13:22  Zealot x2  
  172  13:32  Immortal  
  172  13:33  Probe x3  
  179  13:35  Assimilator  
  179  13:36  Assimilator, Pylon  
  179  13:40  Probe  
  171  13:45  Probe x3  
  172  14:02  Probe x4  
  155  14:14  Probe x4  
  147  14:26  Probe x3  
  147  14:27  Probe  
  126  14:38  Probe x2  
  126  14:39  Probe  
  126  14:44  High Templar x6  
  126  14:45  Probe  
  142  14:50  Stalker x2, Probe  
  147  15:13  Protoss Shields Level 1  
  147  15:15  Stalker x2, Observer  
  147  15:16  Stalker  
  147  15:17  Stalker  
  156  15:28  Nexus  
  156  15:36  Pylon  
  120  15:50  Probe  
  121  15:58  Probe x3  
  121  16:02  Probe  
  125  16:06  High Templar x4  
  125  16:07  High Templar x2  
  125  16:08  High Templar x2  
  125  16:11  Archon x3  
  141  16:29  Nexus  
  136  16:35  Nexus  
  136  16:36  Pylon  
  134  16:41  Zealot x8  
  148  17:01  Stalker x4  
  148  17:02  Stalker x4  
  160  17:11  Probe  
  160  17:12  Probe x3  
  154  17:24  Probe x4  
  154  17:27  High Templar x5  
  168  17:30  Photon Cannon  
  168  17:35  Archon  
  168  17:36  Archon  
  156  17:46  Photon Cannon  
  156  17:47  Probe x2  
  156  17:48  Probe x4  
  156  17:49  Photon Cannon  
  156  17:50  Pylon  
  162  17:52  Shield Battery  
  162  18:02  Probe x4  
  162  18:03  Probe  
  160  18:06  Zealot x8  
  176  18:19  Assimilator  
  176  18:21  Assimilator  
  176  18:33  Stalker x6  
  176  18:34  Stalker  
  155  19:05  High Templar x2  
  155  19:06  Zealot x6  
  161  19:19  Nexus  
Tags
 
Add a new tag
Caveats
  • Supply blocks, unpowered buildings, or Contaminate may cause inaccurate times.
  • Supply counts are checked every 10 seconds.